[Event "Titled Tuesday Blitz June 20 Late 2023"]
[White "Vovk, Orest"]
[Black "Babazada, Khazar"]
[WhiteFideId "14113490"]
[BlackFideId "13413554"]
[WhiteElo "2215"]
[BlackElo "2369"]
[Result "0-1"]
[Round "1"]
[TimeControl "180+2"]
[Date "2023.06.20"]
[WhiteClock "0:00:07"]
[BlackClock "0:00:47"]
[Board "46"]

1. g4 e5 2. g5 d5 3. Bg2 c6 4. h4 h6 5. d4 e4 6. c4 hxg5 7. hxg5 Rxh1 8. Bxh1 Qd6 9. Bg2 Qh2 10. Kf1 Ne7 11. Qb3 dxc4 12. Qxc4 Be6 13. Qc2 e3 14. Bxe3 Nf5 15. Nf3 Nxe3+ 16. fxe3 Qh5 17. Nc3 Nd7 18. Kf2 Bd6 19. Rh1 Qg4 20. Ne4 Ke7 21. Nxd6 Kxd6 22. Rh4 Qf5 23. Qxf5 Bxf5 24. e4 Be6 25. e5+ Ke7 26. b3 Nb6 27. e4 a5 28. Bh3 Bxh3 29. Rxh3 a4 30. Rh7 g6 31. Nh4 Ke6 32. Ng2 axb3 33. axb3 Ra2+ 34. Kf3 Ke7 35. Nf4 Kf8 36. e6 fxe6 37. Nxe6+ Ke8 38. Rxb7 Nc8 39. Ng7+ Kd8 40. Ne6+ Ke8 41. Kf4 Nd6 42. Ng7+ Kd8 43. Ne6+ Ke8 44. Rg7 Rf2+ 45. Ke3 Rb2 46. Nc7+ Kd8 47. Ne6+ Ke8 48. Rxg6 Rxb3+ 49. Kf4 Ke7 50. Ng7 Kd7 51. Nf5 Nc4 52. Rg7+ Kd8 53. g6 Rb1 54. Ra7 Rf1+ 55. Kg5 Nd2 56. e5 Ne4+ 57. Kh6 Rxf5 58. g7 Rg5 59. g8=Q+ Rxg8 60. Ra8+ Ke7 61. Rxg8 Ke6 62. Rg6+ Kd5 63. Rd6+ Nxd6 64. exd6 Kxd6 65. Kg5 Kd5 66. Kf4 Kxd4 67. Kf3 Kd3 68. Kf2 Kd2 0-1


[Site "https://www.chess.com"]

[Event "Titled Tuesday Blitz June 20 Late 2023"]
[White "Holt, Conrad"]
[Black "Rios Escobar, Adan"]
[WhiteFideId "2034387"]
[BlackFideId "3403645"]
[WhiteElo "2592"]
[BlackElo "2472"]
[Result "1-0"]
[Round "1"]
[TimeControl "180+2"]
[Date "2023.06.20"]
[WhiteClock "0:01:16"]
[BlackClock "0:00:00"]
[Board "47"]

1. d4 Nf6 2. c4 g6 3. Nc3 Bg7 4. e4 d6 5. Nf3 O-O 6. h3 Nc6 7. d5 Ne5 8. Nxe5 dxe5 9. Be2 e6 10. Bg5 h6 11. Be3 exd5 12. cxd5 Ne8 13. Qd2 Kh7 14. O-O Nd6 15. Rac1 a6 16. f4 exf4 17. Bxf4 Qe7 18. e5 Nf5 19. d6 cxd6 20. Nd5 Qd8 21. exd6 Be6 22. Nc7 Rc8 23. Bf3 Qd7 24. Bxb7 Rb8 25. Bc6 Qd8 26. b3 Rb6 27. Kh1 Qh4 28. Nxe6 fxe6 29. d7 Rd8 30. Bc7 Ng3+ 31. Bxg3 Qxg3 32. Rf7 Kg8 33. Rxg7+ Kxg7 34. Qd4+ e5 35. Qxb6 Rf8 36. d8=Q Rxd8 37. Qc7+ Kg8 38. Qxd8+ Kg7 39. Qe7+ Kh8 40. Bd5 1-0


[Site "https://www.chess.com"]

[Event "Titled Tuesday Blitz June 20 Late 2023"]
[White "Krishnakumar, Sriram"]
[Black "Baskakov, Egor"]
[WhiteFideId "30915856"]
[BlackFideId "24197866"]
[WhiteElo "2471"]
[BlackElo "2225"]
[Result "0-1"]
[Round "1"]
[TimeControl "180+2"]
[Date "2023.06.20"]
[WhiteClock "0:00:08"]
[BlackClock "0:00:35"]
[Board "48"]

1. e4 c5 2. Nf3 Nf6 3. e5 Nd5 4. c3 Nc6 5. d4 cxd4 6. cxd4 g6 7. Nc3 Nxc3 8. bxc3 Bg7 9. Bd3 O-O 10. O-O d6 11. exd6 Qxd6 12. Re1 e5 13. a4 Rd8 14. Ba3 Qc7 15. Rc1 Qa5 16. Bb5 exd4 17. cxd4 Bg4 18. Bxc6 bxc6 19. Bc5 Re8 20. Rxe8+ Rxe8 21. h3 Be6 22. Ne5 Bd5 23. Nd3 Bh6 24. Ra1 Qc3 25. Nb4 Bb3 26. Qf1 Re6 27. a5 Bd2 28. a6 Bc4 29. Qd1 Bb3 30. Qf1 h5 31. Kh2 h4 32. Rb1 Bc4 33. Qd1 Re2 34. d5 cxd5 35. Nxd5 Qe5+ 36. Kg1 Bxd5 37. Rb8+ Kh7 38. Bd4 Re1+ 39. Qxe1 Qxe1+ 40. Kh2 Bf4+ 41. g3 Qh1# 0-1


[Site "https://www.chess.com"]

[Event "Titled Tuesday Blitz June 20 Late 2023"]
[White "Grigoriants, Sergey"]
[Black "Urbina Perez, Juan Antonio"]
[WhiteFideId "4130804"]
[BlackFideId "2217368"]
[WhiteElo "2502"]
[BlackElo "2197"]
[Result "1-0"]
[Round "1"]
[TimeControl "180+2"]
[Date "2023.06.20"]
[WhiteClock "0:02:04"]
[BlackClock "0:01:32"]
[Board "49"]

1. d4 d5 2. c4 e6 3. Nc3 Nf6 4. Nf3 Nbd7 5. cxd5 exd5 6. Bg5 Bb4 7. e3 O-O 8. Be2 c5 9. O-O h6 10. Bh4 Bxc3 11. bxc3 Qa5 12. c4 cxd4 13. Qxd4 dxc4 14. Bxc4 Qf5 15. Rfd1 Nb6 16. Bxf6 Qxf6 17. Qxf6 gxf6 18. Bb3 Bg4 19. Rd6 Bxf3 20. gxf3 Kg7 21. Kh1 Rad8 22. Rg1+ Kh7 23. Bc2+ Kh8 24. Rxf6 1-0


[Site "https://www.chess.com"]

[Event "Titled Tuesday Blitz June 20 Late 2023"]
[White "Yurasova, Daria"]
[Black "Beerdsen, Thomas"]
[WhiteFideId "34146919"]
[BlackFideId "1030108"]
[WhiteElo "2109"]
[BlackElo "2553"]
[Result "0-1"]
[Round "1"]
[TimeControl "180+2"]
[Date "2023.06.20"]
[WhiteClock "0:00:05"]
[BlackClock "0:01:49"]
[Board "50"]

1. e4 e5 2. Nf3 Nc6 3. Nc3 Nf6 4. Bc4 Nxe4 5. Nxe4 d5 6. Bd3 dxe4 7. Bxe4 Bd6 8. O-O O-O 9. Bxc6 bxc6 10. d3 Qf6 11. Bg5 Qg6 12. Bh4 Bg4 13. Bg3 Rfe8 14. h3 Bh5 15. Re1 Rad8 16. Qe2 e4 17. dxe4 Bxg3 18. fxg3 Qxg3 19. Qf2 Qf4 20. Rad1 Rxd1 21. Rxd1 h6 22. e5 Re6 23. c3 a5 24. Qd2 Qe4 25. Re1 Qd5 26. Qxd5 cxd5 27. Nd4 Rb6 28. b3 c5 29. Nf5 Re6 30. g4 Bg6 31. Kf2 Kf8 32. Kf3 a4 33. Kf4 axb3 34. axb3 Rb6 35. Ne3 d4 36. cxd4 cxd4 37. Nf5 Rxb3 38. Nxd4 Rxh3 39. Nf5 Ra3 40. Rc1 Ra4+ 41. Kg3 Kg8 42. Rc8+ Kh7 43. Ne7 h5 44. gxh5 Bxh5 45. Rc7 Rg4+ 46. Kf3 Rc4+ 0-1


[Site "https://www.chess.com"]

[Event "Titled Tuesday Blitz June 20 Late 2023"]
[White "Erdogmus, Yagiz Kaan"]
[Black "Gabdushev, Ruslan"]
[WhiteFideId "44599790"]
[BlackFideId "4137833"]
[WhiteElo "2359"]
[BlackElo "2233"]
[Result "1-0"]
[Round "1"]
[TimeControl "180+2"]
[Date "2023.06.20"]
[WhiteClock "0:01:45"]
[BlackClock "0:01:08"]
[Board "51"]

1. e4 Nc6 2. d4 d5 3. Nc3 e5 4. dxe5 d4 5. Nd5 Be6 6. Nf4 Nxe5 7. Nxe6 fxe6 8. Qh5+ Nf7 9. Qb5+ c6 10. Qxb7 Qc8 11. Ba6 Qxb7 12. Bxb7 Rb8 13. Bxc6+ Kd8 14. Nf3 e5 15. Bd5 Bb4+ 16. Ke2 Ngh6 17. Bxh6 Nxh6 18. Nxe5 Kc7 19. Nc6 Rb6 20. Nxd4 Bc5 21. Ne6+ Kd6 22. Bb3 Rc8 23. Nxg7 Ke5 24. Rad1 Rg6 25. Rd5+ Kxe4 26. f3+ Kf4 27. Nh5# 1-0


[Site "https://www.chess.com"]

[Event "Titled Tuesday Blitz June 20 Late 2023"]
[White "Czerw, Dawid"]
[Black "Elsa167"]
[WhiteFideId "1145746"]
[WhiteElo "2144"]
[BlackElo "2825"]
[Result "0-1"]
[Round "1"]
[TimeControl "180+2"]
[Date "2023.06.20"]
[WhiteClock "0:00:01"]
[BlackClock "0:00:11"]
[Board "52"]

1. e4 c5 2. Nf3 e6 3. d4 cxd4 4. Nxd4 Nf6 5. Nc3 Nc6 6. Nxc6 bxc6 7. e5 Nd5 8. Ne4 Qc7 9. f4 Rb8 10. a3 Qb6 11. c4 Ne3 12. Qd3 Nxf1 13. Rxf1 c5 14. Kf2 Be7 15. Kg1 O-O 16. Rf2 Qb3 17. Rf3 Qxd3 18. Rxd3 f6 19. b3 fxe5 20. fxe5 Bb7 21. Ng3 Bc6 22. Be3 Rb7 23. Ne2 Rfb8 24. Nc1 Be4 25. Rd2 Rf8 26. Rf2 Rf5 27. Rxf5 exf5 28. Ra2 Kf7 29. Rb2 Ke6 30. Bd2 g5 31. Bc3 Bf8 32. b4 Bg7 33. Nb3 d6 34. bxc5 Bxe5 35. Bxe5 dxe5 36. c6 Rc7 37. Nc5+ Kd6 38. Nxe4+ fxe4 39. Kf2 Rxc6 40. Rb7 a6 41. Ke3 Rxc4 42. Rxh7 Ra4 43. Rg7 Kd5 44. Rd7+ Ke6 45. Rg7 Kf6 46. Rg8 Rxa3+ 47. Kxe4 Ra4+ 48. Ke3 a5 49. g3 g4 50. Rh8 Ke6 51. h3 gxh3 52. Rxh3 Rb4 53. Rh6+ Kd5 54. Ra6 a4 55. Ra5+ Ke6 56. Kf3 Kf5 57. g4+ Rxg4 58. Ra8 Rd4 59. Ke3 Ke6 60. Re8+ Kd5 61. Rd8+ Kc4 62. Rb8 Kc3 63. Re8 a3 64. Rxe5 Ra4 65. Rd5 a2 66. Rd3+ Kb4 67. Rd4+ Kb5 68. Rd5+ Kc6 69. Rd1 a1=Q 0-1


[Site "https://www.chess.com"]

[Event "Titled Tuesday Blitz June 20 Late 2023"]
[White "Xu, Yi"]
[Black "Mattheii"]
[WhiteFideId "8605564"]
[WhiteElo "2460"]
[BlackElo "2462"]
[Result "0-1"]
[Round "1"]
[TimeControl "180+2"]
[Date "2023.06.20"]
[WhiteClock "0:00:02"]
[BlackClock "0:00:07"]
[Board "53"]

1. d4 Nf6 2. c4 e6 3. Nf3 b6 4. g3 Ba6 5. b3 Bb4+ 6. Bd2 Be7 7. Nc3 d5 8. cxd5 exd5 9. Bg2 O-O 10. O-O c6 11. Ne5 Nfd7 12. Bf4 Nxe5 13. Bxe5 Nd7 14. Bf4 Rc8 15. h4 Nf6 16. Bh3 Ra8 17. Rc1 Re8 18. Rc2 Bd6 19. Qc1 Bc8 20. Bxc8 Rxc8 21. Kg2 h6 22. Re1 Re6 23. f3 Qe7 24. e4 dxe4 25. fxe4 Ba3 26. Qe3 Bb4 27. Be5 Bxc3 28. Rxc3 Ng4 29. Qc1 Nxe5 30. dxe5 c5 31. Rc4 Rxe5 32. b4 b5 33. Rxc5 Rexc5 34. bxc5 Rxc5 35. Qb2 Qc7 36. Re2 a5 37. a3 Qc6 38. Kh2 Rc4 39. e5 b4 40. axb4 axb4 41. Qb3 Qe6 42. Rf2 Qg4 43. Qd3 Rc3 44. Qd8+ Kh7 45. Rg2 b3 46. Qb8 Rf3 47. Qb6 Qe6 48. Qb5 Qf5 49. Rb2 Rf2+ 50. Rxf2 Qxf2+ 51. Kh3 b2 52. Qd3+ g6 53. Qb3 Qf5+ 54. Kg2 b1=Q 0-1


[Site "https://www.chess.com"]

[Event "Titled Tuesday Blitz June 20 Late 2023"]
[White "Szyszylo, Rafal"]
[Black "Cardoso Cardoso, Jose Gabriel"]
[WhiteFideId "1109626"]
[BlackFideId "4430492"]
[WhiteElo "1951"]
[BlackElo "2484"]
[Result "1/2-1/2"]
[Round "1"]
[TimeControl "180+2"]
[Date "2023.06.20"]
[WhiteClock "0:00:02"]
[BlackClock "0:00:05"]
[Board "54"]

1. e4 c5 2. Nc3 a6 3. g3 b5 4. d3 Bb7 5. Bg2 e6 6. f4 d5 7. f5 d4 8. fxe6 dxc3 9. exf7+ Kxf7 10. Nf3 Nf6 11. O-O Kg8 12. e5 Nd5 13. Ng5 Nc6 14. Rxf8+ Kxf8 15. Ne6+ Ke7 16. Nxd8 Raxd8 17. Bg5+ Kf7 18. Bxd8 Rxd8 19. Bxd5+ Rxd5 20. Qf3+ Ke6 21. Qg4+ Kxe5 22. Re1+ Kd6 23. bxc3 Ne5 24. Qxg7 Nf3+ 25. Kf2 Nxe1 26. Kxe1 Re5+ 27. Kd2 Re7 28. Qf6+ Re6 29. Qf8+ Re7 30. c4 bxc4 31. dxc4 Be4 32. h4 Ke6 33. Kc3 Bg6 34. Qg8+ Kf5 35. Qb8 Re3+ 36. Kb2 Rf3 37. Qd6 Kg4 38. Qxc5 Kxg3 39. Qe5+ Kxh4 40. Qe7+ Kg4 41. Qe6+ Bf5 42. Qxa6 Rf2 43. c5 Rxc2+ 44. Kb3 Rxc5 45. Qa4+ Kg5 46. Qd4 Rc8 47. Qe3+ Kg6 48. Qg3+ Kf7 49. a4 Be6+ 50. Kb4 Rc4+ 51. Kb5 Rg4 52. Qf3+ Ke7 53. a5 Rg5+ 54. Kb6 Rg6 55. Kc7 Rf6 56. Qe3 Rf7 57. a6 Kf6+ 58. Kb6 Bd5 59. Qd4+ Ke6 60. Qg4+ Ke5 61. a7 Rf6+ 62. Ka5 Rf7 63. Qh5+ Ke6 64. Qh6+ Ke5 65. Qh5+ Ke6 66. Qxd5+ Kxd5 67. a8=Q+ Ke5 68. Qe8+ Kf6 69. Qe4 Re7 70. Qf4+ Kg6 71. Qg4+ Kf7 72. Kb6 Re6+ 73. Kc5 Rg6 74. Qf5+ Kg7 75. Qh5 h6 76. Qh1 Rf6 77. Kd5 Rg6 78. Ke5 Rg5+ 79. Ke6 Rg6+ 80. Ke7 Rg5 81. Qh4 Kg6 82. Qe4+ Kg7 83. Qd4+ Kg6 84. Qh8 Kh5 85. Kf6 Rg6+ 86. Kf5 Rg5+ 87. Kf4 Kg6 88. Qg8+ Kf6 89. Qd8+ Kg6 90. Qe8+ Kf6 91. Qd7 Kg6 92. Qe7 Rf5+ 93. Kg4 Rg5+ 94. Kh4 Rh5+ 95. Kg3 Rg5+ 96. Kf4 Rf5+ 97. Ke4 Rg5 98. Qe6+ Kg7 99. Kf4 Kh7 100. Qf7+ Kh8 101. Qf8+ Kh7 102. Qf7+ Kh8 103. Ke4 Rg7 104. Qf6 Kh7 105. Kf5 Rg5+ 106. Kf4 Rg6 107. Qf7+ Rg7 108. Qe8 Rg5 109. Qe4+ Kg7 110. Qe6 Kh7 111. Qf6 Rg7 112. Ke5 Rg5+ 113. Kf4 1/2-1/2


[Site "https://www.chess.com"]

[Event "Titled Tuesday Blitz June 20 Late 2023"]
[White "Ghazarian, Kirk"]
[Black "Kielinkei"]
[WhiteFideId "30908604"]
[WhiteElo "2346"]
[BlackElo "2461"]
[Result "1-0"]
[Round "1"]
[TimeControl "180+2"]
[Date "2023.06.20"]
[WhiteClock "0:00:11"]
[BlackClock "0:00:04"]
[Board "55"]

1. d4 Nf6 2. c4 e6 3. Nc3 Bb4 4. Qc2 d5 5. cxd5 exd5 6. Bf4 O-O 7. e3 c5 8. dxc5 Bxc5 9. Bd3 Nc6 10. Nge2 d4 11. exd4 Nxd4 12. Nxd4 Qxd4 13. Bg3 Re8+ 14. Ne2 Bb4+ 15. Kf1 Qb6 16. a3 Bd6 17. Bxd6 Qxd6 18. Rd1 Qe5 19. Qc3 Qe7 20. Ng3 g6 21. Re1 Be6 22. h3 Rac8 23. Qb4 Qd7 24. Bb1 Nd5 25. Qd2 Qb5+ 26. Kg1 Rcd8 27. Kh2 Qb6 28. Rhf1 Nf6 29. Qc3 Qd4 30. Qxd4 Rxd4 31. Rd1 Red8 32. Rxd4 Rxd4 33. b4 Rd2 34. f3 Nd5 35. Ne4 Rb2 36. Nc5 Bc8 37. Kg3 b6 38. Nd3 Rd2 39. Ne5 Ne3 40. Rg1 Rb2 41. Be4 f5 42. Bc6 Kg7 43. Bb5 g5 44. h4 f4+ 45. Kh2 gxh4 46. Nd3 Rb3 47. Nxf4 Rxa3 48. Re1 Nf5 49. Rc1 Bb7 50. Rc7+ Kf6 51. Rxb7 Ng3 52. Rxh7 Ra1 53. Nh5+ Kg5 54. Nxg3 hxg3+ 55. Kxg3 Rb1 56. Rxa7 Rxb4 57. Bc6 Rc4 58. Be4 b5 59. Ra5 Kf6 60. Rxb5 Ra4 61. Rf5+ Kg7 62. Rb5 Rc4 63. Rb6 Rc7 64. Kg4 Ra7 65. Kf4 Ra5 66. Kg3 Kf7 67. f4 Kg7 68. Kg4 Kf7 69. g3 Kg7 70. f5 Ra4 71. Kf4 Kf7 72. g4 Kg7 73. g5 Rc4 74. Rb7+ Kf8 75. f6 Ke8 76. g6 Kd8 77. g7 1-0


[Site "https://www.chess.com"]

[Event "Titled Tuesday Blitz June 20 Late 2023"]
[White "Principe, Alexander"]
[Black "Bordi, Kevin"]
[WhiteFideId "3804542"]
[BlackFideId "621862"]
[WhiteElo "2203"]
[BlackElo "2800"]
[Result "1/2-1/2"]
[Round "1"]
[TimeControl "180+2"]
[Date "2023.06.20"]
[WhiteClock "0:00:02"]
[BlackClock "0:00:25"]
[Board "56"]

1. e4 d5 2. exd5 Qxd5 3. Nc3 Qa5 4. d4 Nf6 5. Nf3 Nc6 6. Bb5 Ne4 7. Bd2 Nxc3 8. Bxc6+ bxc6 9. Bxc3 Qd5 10. O-O Bg4 11. Re1 Bxf3 12. Qxf3 Qxf3 13. gxf3 e6 14. Ba5 Kd7 15. c4 Rb8 16. b3 Bd6 17. Rad1 h5 18. Kg2 Rh6 19. h3 Rg6+ 20. Kf1 Rf6 21. Kg2 Rf5 22. Bc3 Rg5+ 23. Kf1 Rf5 24. Rd3 Bf4 25. Red1 g6 26. Ke2 a6 27. d5 cxd5 28. cxd5 exd5 29. Rxd5+ Rxd5 30. Rxd5+ Bd6 31. Ra5 Rb6 32. Kd3 Rc6 33. Bd2 f5 34. Ra4 Ke6 35. Rc4 Rb6 36. b4 Kd5 37. Rd4+ Kc6 38. a4 Rb8 39. Kc4 Re8 40. Be3 Rb8 41. Bd2 Re8 42. Be3 Re6 43. b5+ axb5+ 44. axb5+ Kb7 45. f4 Re8 46. Kd5 Ra8 47. Ke6 Ra5 48. Rd5 Ra4 49. Kf6 Bxf4 50. Kxg6 Bxe3 51. fxe3 Rh4 52. Rxf5 Rxh3 53. e4 Re3 54. e5 h4 55. Kf6 h3 56. Rh5 Rf3+ 57. Ke7 Kb6 58. e6 Re3 59. Kf7 h2 60. Rxh2 Kxb5 61. Rf2 c5 62. e7 c4 63. e8=Q+ Rxe8 64. Kxe8 c3 65. Kd7 Kc4 66. Kd6 Kd3 67. Rf3+ Kd2 68. Rf2+ Kd3 69. Kd5 c2 70. Rf3+ Kd2 71. Rf2+ Kd3 72. Rf1 Kd2 73. Kd4 c1=Q 74. Rxc1 Kxc1 1/2-1/2


[Site "https://www.chess.com"]

[Event "Titled Tuesday Blitz June 20 Late 2023"]
[White "Simonian, Hrair"]
[Black "Mackster23"]
[WhiteFideId "13302337"]
[WhiteElo "2447"]
[BlackElo "2456"]
[Result "1-0"]
[Round "1"]
[TimeControl "180+2"]
[Date "2023.06.20"]
[WhiteClock "0:00:44"]
[BlackClock "0:00:39"]
[Board "57"]

1. e4 e6 2. d4 d5 3. Nc3 Bb4 4. e5 c5 5. Bd2 Nh6 6. Nb5 Bxd2+ 7. Qxd2 O-O 8. Nf3 a6 9. Nd6 cxd4 10. Nxd4 f6 11. f4 fxe5 12. fxe5 Ng4 13. Nxc8 Qxc8 14. O-O-O Nxe5 15. Re1 Nbc6 16. Qe3 Nxd4 17. Qxd4 Nc6 18. Qd2 Qd7 19. Bd3 e5 20. Qg5 e4 21. Be2 Qf5 22. Qd2 Rae8 23. Kb1 d4 24. Bc4+ Kh8 25. Rhf1 Qe5 26. Qe2 b5 27. Bb3 Rxf1 28. Qxf1 h6 29. Qf7 Re7 30. Qg8# 1-0


[Site "https://www.chess.com"]

[Event "Titled Tuesday Blitz June 20 Late 2023"]
[White "Yeritsyan, Hayk"]
[Black "Siddharth, Jagadeesh"]
[WhiteFideId "13307320"]
[BlackFideId "5818320"]
[WhiteElo "2455"]
[BlackElo "2303"]
[Result "1/2-1/2"]
[Round "1"]
[TimeControl "180+2"]
[Date "2023.06.20"]
[WhiteClock "0:00:07"]
[BlackClock "0:00:08"]
[Board "58"]

1. d4 Nf6 2. Nf3 d6 3. Bf4 g6 4. h3 Bg7 5. e3 O-O 6. c3 Nc6 7. Be2 Qe8 8. O-O e5 9. Bh2 Qe7 10. Na3 a6 11. Nc4 Ne4 12. Nfd2 Nxd2 13. Nxd2 Bd7 14. Bf3 Kh8 15. b4 f5 16. a4 g5 17. b5 axb5 18. axb5 Rxa1 19. Qxa1 Nd8 20. b6 c6 21. Qa3 g4 22. hxg4 fxg4 23. Be4 Qe6 24. Qa8 h5 25. Qb8 h4 26. dxe5 Bxe5 27. Bxe5+ Qxe5 28. Qc7 Qe7 29. g3 hxg3 30. fxg3 Re8 31. Rf2 Ne6 32. Qxb7 Nc5 33. Qc7 Nxe4 34. Nxe4 Qxe4 35. Qxd7 Qxe3 36. Qxd6 Qe1+ 37. Kg2 Qe4+ 38. Kh2 Qh7+ 39. Kg2 Qe4+ 40. Kg1 Qe1+ 41. Kg2 Qe4+ 1/2-1/2


[Site "https://www.chess.com"]

[Event "Titled Tuesday Blitz June 20 Late 2023"]
[White "Maksimovic, Bojan"]
[Black "ArchibaldCerveza29"]
[WhiteFideId "14408120"]
[WhiteElo "2457"]
[BlackElo "2451"]
[Result "1-0"]
[Round "1"]
[TimeControl "180+2"]
[Date "2023.06.20"]
[WhiteClock "0:00:42"]
[BlackClock "0:00:14"]
[Board "59"]

1. e4 e5 2. Nf3 Nc6 3. c3 d5 4. Qa4 f6 5. Bb5 Ne7 6. exd5 Qxd5 7. d4 Bg4 8. Nbd2 a6 9. Bxc6+ Nxc6 10. dxe5 Bxf3 11. Nxf3 fxe5 12. Be3 Bd6 13. Rd1 Qe6 14. Qb3 Qxb3 15. axb3 a5 16. Ng5 Rd8 17. Ke2 h6 18. Ne4 Be7 19. Rxd8+ Kxd8 20. h4 b6 21. h5 Kd7 22. Rh3 Ke6 23. Rg3 Kf7 24. Rg6 Nd8 25. g3 Ne6 26. f4 exf4 27. gxf4 Rd8 28. f5 Nf8 29. Rg1 Rd5 30. Bd4 Rxf5 31. Rxg7+ Ke8 32. Ng3 Rg5 33. Rxg5 Bxg5 34. Nf5 Ne6 35. Be3 Nf4+ 36. Bxf4 Bxf4 37. b4 a4 38. Kd3 Kd7 39. Nd4 Ke7 40. Ne2 Bg5 41. c4 Kd6 42. Nc3 Bc1 43. Nxa4 Ke5 44. b5 Kf5 45. b4 Kg5 46. c5 Ba3 47. Kc4 Kxh5 48. cxb6 cxb6 49. Nxb6 Bc1 50. Nd5 Bb2 51. b6 Be5 52. Nc7 Kg4 53. Kd5 Bg3 54. Kc6 h5 55. b7 h4 56. b8=Q h3 57. Qc8+ Kf3 58. Qxh3 Kf2 59. Nd5 Kg1 60. Qxg3+ Kh1 61. Qg4 1-0


[Site "https://www.chess.com"]

[Event "Titled Tuesday Blitz June 20 Late 2023"]
[White "Seletsky, Grigory"]
[Black "Lorparizangeneh, Shahin"]
[WhiteFideId "14112191"]
[BlackFideId "12521604"]
[WhiteElo "2491"]
[BlackElo "2526"]
[Result "0-1"]
[Round "1"]
[TimeControl "180+2"]
[Date "2023.06.20"]
[WhiteClock "0:00:10"]
[BlackClock "0:00:20"]
[Board "60"]

1. e4 c5 2. Nc3 Nc6 3. d3 g6 4. Be3 d6 5. d4 cxd4 6. Bxd4 Nxd4 7. Qxd4 Nf6 8. e5 dxe5 9. Bb5+ Bd7 10. Qxe5 a6 11. Bxd7+ Qxd7 12. Rd1 Qc6 13. Nf3 Bg7 14. O-O O-O 15. Qxe7 Rfe8 16. Qb4 b5 17. Nd4 Qc7 18. a4 bxa4 19. Qxa4 a5 20. Ndb5 Qe5 21. Qd4 Qh5 22. h3 Rab8 23. Nd6 Ne4 24. Qd5 Qxd5 25. Rxd5 Nxd6 26. Rxd6 Rxb2 27. Na4 Rxc2 28. Ra6 Re5 29. Nb6 h5 30. Ra8+ Kh7 31. Nd7 Rf5 32. Nf8+ Kh6 33. f3 Bd4+ 34. Kh1 h4 35. Re1 Rg5 36. Re4 Rc1+ 37. Kh2 Bg1+ 38. Kh1 Bf2+ 39. Kh2 Bg3# 0-1


[Site "https://www.chess.com"]

[Event "Titled Tuesday Blitz June 20 Late 2023"]
[White "Sattarov, Bobir"]
[Black "Gascon Del Nogal, Jose Rafael"]
[WhiteFideId "14203081"]
[BlackFideId "3902463"]
[WhiteElo "2351"]
[BlackElo "2473"]
[Result "1/2-1/2"]
[Round "1"]
[TimeControl "180+2"]
[Date "2023.06.20"]
[WhiteClock "0:00:15"]
[BlackClock "0:00:11"]
[Board "61"]

1. e4 e5 2. Nf3 Nc6 3. Bc4 Nf6 4. d3 Be7 5. Nc3 d6 6. a4 O-O 7. a5 Bg4 8. h3 Bxf3 9. Qxf3 Nd4 10. Qd1 c6 11. Be3 d5 12. Ba2 Ne6 13. Bd2 Bb4 14. a6 bxa6 15. O-O Rb8 16. Bb3 Nc5 17. Ba4 d4 18. Nb1 Qa5 19. c3 Nxd3 20. cxb4 Nxb4 21. f3 Qb6 22. Bxb4 Qxb4 23. b3 Nh5 24. Nd2 Ng3 25. Rf2 Qc3 26. Rc1 Qe3 27. Rxc6 Nh1 28. Kxh1 Qxf2 29. Nc4 Rfc8 30. Nxe5 Rxc6 31. Nxc6 Rb6 32. Qxd4 Qe1+ 33. Kh2 h5 34. Ne7+ Kh7 35. Qd8 Qc3 36. Qg8+ Kh6 37. Nf5+ Kg6 38. Qe8 Qc7+ 39. Kg1 Qc1+ 40. Kf2 Qd2+ 41. Kf1 Qd1+ 42. Kf2 Qd2+ 43. Kg3 Qg5+ 44. Kh2 Qf4+ 45. Kh1 Qc1+ 46. Kh2 Qf4+ 47. Kg1 Qc1+ 48. Kf2 Qd2+ 1/2-1/2


[Site "https://www.chess.com"]

[Event "Titled Tuesday Blitz June 20 Late 2023"]
[White "SergioMoralesG"]
[Black "Avila Pavas, Santiago"]
[BlackFideId "4437128"]
[WhiteElo "2448"]
[BlackElo "2449"]
[Result "0-1"]
[Round "1"]
[TimeControl "180+2"]
[Date "2023.06.20"]
[WhiteClock "0:00:00"]
[BlackClock "0:00:10"]
[Board "62"]

1. e4 Nf6 2. e5 Nd5 3. d4 d6 4. Nf3 g6 5. c4 Nb6 6. exd6 cxd6 7. Nc3 Bg7 8. h3 O-O 9. Be3 Bf5 10. Rc1 Nc6 11. Be2 d5 12. c5 Nc4 13. Bxc4 dxc4 14. O-O e5 15. d5 Nb4 16. d6 Nd3 17. Rc2 Rc8 18. Nd5 Bf6 19. Qd2 e4 20. Nxf6+ Qxf6 21. Bd4 Qe6 22. Ng5 Qd5 23. Bc3 f6 24. Qe3 h6 25. Nf3 exf3 26. Qxh6 fxg2 27. Rd1 Rxc5 28. Rcd2 Qxd6 29. b4 Rd5 30. b5 b6 31. Kxg2 Nf4+ 32. Kf1 Bxh3+ 33. Kg1 Be6 34. Rxd5 Bxd5 35. Rd4 Ne2+ 0-1


[Site "https://www.chess.com"]

[Event "Titled Tuesday Blitz June 20 Late 2023"]
[White "Leitao, Rafael"]
[Black "Nikologorsky, Matfei"]
[WhiteFideId "2101246"]
[BlackFideId "24102474"]
[WhiteElo "2609"]
[BlackElo "2153"]
[Result "1-0"]
[Round "1"]
[TimeControl "180+2"]
[Date "2023.06.20"]
[WhiteClock "0:00:21"]
[BlackClock "0:00:12"]
[Board "63"]

1. c4 e5 2. Nc3 Nf6 3. Nf3 Nc6 4. e4 Bc5 5. Nxe5 Nxe5 6. d4 Bd6 7. c5 Bxc5 8. dxe5 Ng8 9. Qg4 Kf8 10. Qg3 h5 11. h4 d6 12. Bf4 Ne7 13. exd6 Bxd6 14. O-O-O Bxf4+ 15. Qxf4 Qe8 16. Bc4 Ng6 17. Qxc7 Be6 18. Bxe6 Qxe6 19. Rd6 Qe5 20. Rhd1 Kg8 21. Rd8+ Kh7 22. Rxh8+ Rxh8 23. Qxe5 Nxe5 24. Rd5 Re8 25. f4 Nc4 26. Rxh5+ Kg6 27. Rg5+ Kh6 28. Rc5 Ne3 29. g3 Nf1 30. g4 Ng3 31. e5 f6 32. Kc2 Nf1 33. exf6 gxf6 34. Rh5+ Kg6 35. Nd5 Re2+ 36. Kc3 Rg2 37. f5+ Kg7 38. g5 Ng3 39. gxf6+ Kf7 40. Rh7+ Kf8 41. Kd4 Nxf5+ 42. Ke5 Ng3 43. Nf4 Rxb2 44. Ne6+ Kg8 45. f7+ Kxh7 46. f8=Q Rb5+ 47. Kd6 Ne4+ 48. Ke7 Kg6 49. Nf4+ Kh7 50. Qf7+ Kh6 51. Qg6# 1-0


[Site "https://www.chess.com"]

[Event "Titled Tuesday Blitz June 20 Late 2023"]
[White "Itkis, Boris"]
[Black "Maximov, Dmitry"]
[WhiteFideId "1209167"]
[BlackFideId "14105659"]
[WhiteElo "2219"]
[BlackElo "2494"]
[Result "0-1"]
[Round "1"]
[TimeControl "180+2"]
[Date "2023.06.20"]
[WhiteClock "0:01:36"]
[BlackClock "0:01:46"]
[Board "64"]

1. c4 Nf6 2. Nf3 g6 3. g3 Bg7 4. Bg2 O-O 5. d4 d6 6. O-O Nbd7 7. d5 Nc5 8. Nc3 a5 9. Nd4 Bd7 10. e4 Qc8 11. Re1 Bh3 12. Bh1 e5 13. dxe6 fxe6 14. e5 Ng4 15. f4 dxe5 16. Nf3 Rd8 17. Qe2 Nd3 18. Ng5 Nxe1 19. Qxe1 exf4 20. Nxh3 Bd4+ 21. Kg2 f3+ 22. Kxf3 e5 23. Kg2 Rf8 24. Ne4 Qf5 25. Bd2 Qf3# 0-1


[Site "https://www.chess.com"]

[Event "Titled Tuesday Blitz June 20 Late 2023"]
[White "Goltsev, Dmitry"]
[Black "Kaplan, Avi Harrison"]
[WhiteFideId "24176710"]
[BlackFideId "30934559"]
[WhiteElo "2356"]
[BlackElo "1983"]
[Result "1-0"]
[Round "1"]
[TimeControl "180+2"]
[Date "2023.06.20"]
[WhiteClock "0:02:24"]
[BlackClock "0:01:16"]
[Board "65"]

1. e4 b6 2. Nc3 Bb7 3. Nf3 e6 4. d4 Nf6 5. Bd3 Bb4 6. Qe2 Bxc3+ 7. bxc3 d5 8. e5 Ne4 9. c4 O-O 10. cxd5 exd5 11. O-O c5 12. c4 cxd4 13. Nxd4 dxc4 14. Bxe4 Qxd4 15. Bxb7 Qxa1 16. Ba3 Qxf1+ 17. Kxf1 Nd7 18. Bxa8 Rxa8 19. Qxc4 Nf8 20. Bxf8 Rxf8 21. e6 fxe6 22. Qxe6+ Kh8 23. Qe7 Rg8 24. Qxa7 h6 25. Qxb6 Kh7 26. a4 h5 27. a5 h4 28. a6 h3 29. a7 hxg2+ 30. Kxg2 g5 31. Qb7+ Rg7 32. a8=Q g4 33. Qbb8 g3 34. Qh8+ Kg6 35. Qe4+ Kf7 36. Qhe8+ Kf6 37. Q4e5# 1-0


[Site "https://www.chess.com"]

[Event "Titled Tuesday Blitz June 20 Late 2023"]
[White "Balla, Tamas-Kristof"]
[Black "Boruchovsky, Avital"]
[WhiteFideId "1208497"]
[BlackFideId "2800055"]
[WhiteElo "2334"]
[BlackElo "2450"]
[Result "1-0"]
[Round "1"]
[TimeControl "180+2"]
[Date "2023.06.20"]
[WhiteClock "0:01:22"]
[BlackClock "0:00:00"]
[Board "66"]

1. e4 c5 2. Nf3 Nc6 3. c3 Nf6 4. e5 Nd5 5. d4 cxd4 6. cxd4 e6 7. a3 d6 8. Bd3 dxe5 9. dxe5 Qc7 10. O-O Bd7 11. Qe2 Be7 12. Rd1 Rd8 13. Qe4 f5 14. exf6 Nxf6 15. Qe2 O-O 16. Nc3 e5 17. Bg5 Bg4 18. Bxf6 Rxf6 19. Qe4 Bf5 20. Qe3 Bxd3 21. Rxd3 Rxd3 22. Qxd3 Qd8 23. Nd5 Rd6 24. Nxe7+ Qxe7 25. Qe4 Nd4 26. Nxd4 Rxd4 27. Qe3 h6 28. h3 Qd6 29. Re1 Rd5 30. Qb3 Kh8 31. Qxb7 Qc5 32. Qf7 Rd2 33. Qf5 1-0


[Site "https://www.chess.com"]